 Dungeon Sprint DCSS version 0.17-a0-1701-gf693a3f (webtiles) character file.

1118 Kidiri the Protected (level 8, -3/67 HPs)
             Began as a Minotaur Fighter on Aug 21, 2015.
             Was a Follower of Okawaru.
             Slain by a two-headed ogre
             ... wielding a +0 giant spiked club
              (12 damage)
             ... in the Dungeon (Sprint III: "The Ten Rune Challenge").
             The game lasted 00:04:41 (1087 turns).

Kidiri the Protected (Minotaur Fighter)             Turns: 1087, Time: 00:04:41

Health: -3/67      AC: 14    Str: 22    XL:     8   Next: 12%
Magic:  6/8        EV: 14    Int:  7    God:    Okawaru [*.....]
Gold:   46         SH: 14    Dex:  8    Spells: 0 memorised, 7 levels left

rFire  . . .     SeeInvis .     a - +0 flail
rCold  . . .     Clarity  .     b - +0 scale mail
rNeg   . . .     SustAt   .     c - +0 shield
rPois  .         Gourm    .     (helmet restricted)
rElec  .         Spirit   .     (no cloak)
rCorr  .         Warding  .     (no gloves)
rMut   .         NoTele   +     (no boots)
MR     .....                    (no amulet)
Stlth  +.........               (no ring)
                                (no ring)

@: heroism, not resistant to hostile enchantments, very unstealthy
A: retaliatory headbutt, horns 2, rough black scales 1, clever 1, frail 1, spit
poison 1, weak 1, evolution 1
a: Spit Poison, Heroism, Renounce Religion


You were in the Dungeon.
You worshipped Okawaru.
Okawaru was aware of your devotion.
You were not hungry.

You visited 1 branch You collected 46 gold pieces.

Inventory:

Hand weapons
 a - a +0 flail (weapon)
Armour
 b - a +0 scale mail (worn)
 c - a +0 shield (worn)
Scrolls
 k - a scroll of blinking
 n - a scroll of torment
 p - 2 scrolls of remove curse
 t - a scroll of holy word {unknown}
Potions
 d - 2 potions of might
 f - 2 potions of curing
 g - 2 potions of heal wounds
 h - a potion of haste
 i - 2 potions of magic
 j - a potion of berserk rage
 r - 4 potions of cure mutation
 s - 2 potions of flight {unknown}
Comestibles
 e - a bread ration
 l - 5 chunks of flesh
 q - 3 fruits
 u - 2 royal jellies


   Skills:
 + Level 8.4(13.4) Fighting
 * Level 10.7(15.7) Maces & Flails
 * Level 11.1(16.1) Armour
 + Level 6.6(11.6) Dodging
 * Level 11.1(16.1) Shields
 + Level 2.6 Invocations


You had 7 spell levels left.
You didn't know any spells.

Dungeon Overview and Level Annotations

Branches:
Dungeon (1/1)

Altars:
Cheibriados
Dithmenos
Elyvilon
Fedhas
Gozag
Kikubaaqudgha
Makhleb
Nemelex Xobeh
Okawaru
Qazlal
Ru
Sif Muna
Trog
Vehumet
Xom
Yredelemnul
Zin
The Shining One
Jiyva
Lugonu


Innate Abilities, Weirdness & Mutations

You reflexively headbutt those who attack you in melee.
You have a pair of horns on your head.
You are partially covered in rough black scales (AC +4, Dex -1).
Your mind is acute. (Int +2)
You are frail (-10% HP).
You can spit weak poison.
You are weak. (Str -2)
You evolve.


Message History

You headbutt the two-headed ogre, but do no damage.
The two-headed ogre is almost dead.
You block the two-headed ogre's attack.
The two-headed ogre hits you but does no damage.
You hit the two-headed ogre.
You kill the two-headed ogre!
Okawaru accepts your kill.
Use which ability? (? or * to list)
You gain the combat prowess of a mighty hero.
You feel slightly more hungry. You block the two-headed ogre's attack.
The two-headed ogre hits you with a giant spiked club!!
* * * LOW HITPOINT WARNING * * *
You sock the two-headed ogre! You headbutt the two-headed ogre!
The two-headed ogre is heavily wounded.
You thump the two-headed ogre! You headbutt the two-headed ogre.
The two-headed ogre is almost dead.
You have got your breath back.
The two-headed ogre closely misses you.
The two-headed ogre hits you with a giant spiked club!
You die...

.#..###+#+###÷##
+#..#..........#
#...'.⌠........#
#...#...######'#
....#.⌠.#__#...# # #
....#...#__#...#
.#.#
....#+###__#...##
#..
....#)):#__#...'##.#
....#___#_.+...#@O.#
▓▓▓▓▓▓▓▓▓▓▓▓▓▓▓▓▓▓▓▓


You could see a two-headed ogre.

Vanquished Creatures
  A deep elf priest (D)
  A shadow (D)
  A spatial vortex (D)
  A necrophage (D)
  A two-headed ogre (D)
  A water elemental (D)
  A jelly (D)
  A wolf (D)
  Jessica (D)
  A wizard (D)
  A necromancer (D)
  3 humans (D)
  A kobold demonologist (D)
  2 oozes (D)
  A rat (D)
18 creatures vanquished.

Vanquished Creatures (others)
  2 draconian scorchers (D)
  A yaktaur (D)
  A plant (D)
4 creatures vanquished.

Grand Total: 22 creatures vanquished

Notes
Turn   | Place    | Note
--------------------------------------------------------------
     0 | D        | Kidiri the Minotaur Fighter began the quest for the Orb.
     0 | D        | Reached XP level 1. HP: 19/19 MP: 0/0
     8 | D        | Reached skill level 4 in Armour
    11 | D        | Reached skill level 1 in Dodging
    11 | D        | Reached XP level 2. HP: 25/27 MP: 1/1
    24 | D        | Noticed Jessica
    27 | D        | Killed Jessica
    27 | D        | Reached skill level 5 in Armour
    27 | D        | Reached skill level 5 in Shields
    27 | D        | Reached XP level 3. HP: 31/34 MP: 2/2
    57 | D        | Noticed a wolf
    64 | D        | Killed a wolf
    64 | D        | Reached skill level 5 in Maces & Flails
    66 | D        | Killed a yaktaur
    85 | D        | Reached skill level 5 in Fighting
    85 | D        | Reached skill level 6 in Armour
    85 | D        | Reached XP level 4. HP: 14/42 MP: 3/3
   172 | D        | Killed a white draconian scorcher
   287 | D        | Killed a white draconian scorcher
   318 | D        | Gained mutation: You evolve. [potion of mutation]
   318 | D        | Gained mutation: You are weak. (Str -2) [potion of mutation]
   318 | D        | Gained mutation: You can spit weak poison. [potion of mutation]
   319 | D        | Gained mutation: You are frail (-10% HP). [potion of mutation]
   319 | D        | Gained mutation: Your mind is acute. (Int +2) [potion of mutation]
   319 | D        | Gained mutation: You are partially covered in rough black scales (AC +4, Dex -1). [potion of mutation]
   326 | D        | Noticed a water elemental
   336 | D        | Killed a water elemental
   336 | D        | Reached skill level 7 in Armour
   473 | D        | Noticed a jelly
   474 | D        | Noticed a shadow
   483 | D        | Killed a shadow
   483 | D        | Reached skill level 8 in Maces & Flails
   483 | D        | Reached XP level 5. HP: 19/45 MP: 4/4
   483 | D        | Reached XP level 6. HP: 21/52 MP: 5/5
   485 | D        | Killed a jelly
   805 | D        | Found an iron altar of Okawaru.
   805 | D        | Found a bloodstained altar of Trog.
   805 | D        | Noticed a human
   807 | D        | Noticed a human
   814 | D        | Killed a human
   814 | D        | Reached skill level 9 in Maces & Flails
   814 | D        | Reached skill level 5 in Dodging
   822 | D        | Killed a human
   822 | D        | Reached skill level 10 in Armour
   822 | D        | Reached XP level 7. HP: 39/59 MP: 6/6
   842 | D        | Became a worshipper of Warmaster Okawaru
   930 | D        | Found a glowing silver altar of Zin.
   930 | D        | Found a glowing golden altar of the Shining One.
   930 | D        | Found a white marble altar of Elyvilon.
   931 | D        | Noticed a deep elf priest
   938 | D        | Killed a deep elf priest
   938 | D        | Acquired Okawaru's first power
   938 | D        | Reached skill level 10 in Maces & Flails
   938 | D        | Reached skill level 10 in Shields
   938 | D        | Reached skill level 1 in Invocations
   972 | D        | Found a radiant altar of Vehumet.
   973 | D        | Found a deep blue altar of Sif Muna.
   973 | D        | Found an ancient bone altar of Kikubaaqudgha.
   973 | D        | Noticed a wizard
   977 | D        | Killed a wizard
   978 | D        | Noticed an ice devil
  1012 | D        | Found a basalt altar of Yredelemnul.
  1012 | D        | Found a snail-covered altar of Cheibriados.
  1012 | D        | Found a blossoming altar of Fedhas.
  1012 | D        | Noticed a necrophage
  1012 | D        | Noticed a necromancer
  1021 | D        | Killed a necrophage
  1024 | D        | Killed a necromancer
  1052 | D        | Found a stormy altar of Qazlal.
  1053 | D        | Found a sacrificial altar of Ru.
  1053 | D        | Found a burning altar of Makhleb.
  1053 | D        | Found a viscous altar of Jiyva.
  1053 | D        | Found a shimmering altar of Xom.
  1053 | D        | Found a shadowy altar of Dithmenos.
  1053 | D        | Found a sparkling altar of Nemelex Xobeh.
  1053 | D        | Found a corrupted altar of Lugonu.
  1053 | D        | Found an opulent altar of Gozag.
  1053 | D        | Noticed a spatial vortex
  1064 | D        | Killed a spatial vortex
  1064 | D        | Reached skill level 11 in Armour
  1064 | D        | Reached XP level 8. HP: 65/67 MP: 8/8
  1075 | D        | Noticed a two-headed ogre
  1075 | D        | Noticed a two-headed ogre
  1084 | D        | Killed a two-headed ogre
  1087 | D        | Slain by a two-headed ogre

Vault maps used:
D:        dungeon_sprint_mu

Action                   |  1- 3 |  4- 6 |  7- 9 || total
-------------------------+-------+-------+-------++-------
Melee: Flail             |    19 |    35 |    42 ||    96
Invok: Heroism           |       |       |     1 ||     1
 Abil: Spit Poison       |       |       |     1 ||     1
  Use: Scroll            |       |     3 |       ||     3
       Potion            |       |     2 |       ||     2
  Eat: Chunk             |       |       |     1 ||     1
